 Dungeon Crawl Stone Soup version 0.26-a0-264-g3a471323bd (webtiles) character file.

Game seed: 7946329328829786429

11265 Gargoyl the Protected (level 11, -2/93 HPs)
             Began as a Centaur Abyssal Knight on July 11, 2020.
             Was a Priest of Lugonu.
             Slain by a cane toad (3 damage)
             ... while petrified by a basilisk
             ... on level 1 of the Lair of Beasts.
             The game lasted 00:21:00 (16431 turns).

Gargoyl the Protected (Centaur Abyssal Knight)     Turns: 16431, Time: 00:21:00

Health: -2/93      AC: 15    Str: 17    XL:     11   Next: 47%
Magic:  17/17      EV:  1    Int: 11    God:    Lugonu [***...]
Gold:   442        SH:  0    Dex: 10    Spells: 10/10 levels left

rFire    . . .     SeeInvis +   a - +7 hand axe
rCold    . . .     Faith    .   (no shield)
rNeg     + + +     Spirit   .   s - +0 plate armour
rPois    ∞         Reflect  .   n - +2 helmet
rElec    .         Harm     .   (no cloak)
rCorr    +                      (no gloves)
MR       .....                  (no barding)
Stlth    ..........             v - amulet of the acrobat
HPRegen  0.25/turn              w - ring of see invisible
MPRegen  0.15/turn              e - ring of resist corrosion

@: lethally poisoned (-2 -> -2), petrified, very quick
A: large, hooves 3, deformed body, speed 2, tough skin 3
a: Depart the Abyss, Bend Space, Banish, Renounce Religion


You were on level 1 of the Lair of Beasts.
You worshipped Lugonu.
Lugonu was most pleased with you.
You were not hungry.

You visited 2 branches of the dungeon, and saw 11 of its levels.
You visited the Abyss 1 time.

You collected 629 gold pieces.
You spent 187 gold pieces at shops.

Inventory:

Hand Weapons
 a - a +7 hand axe (weapon)
 E - a +1 hand axe of electrocution
Missiles
 f - 7 boomerangs (quivered)
Armour
 n - a +2 helmet (worn)
 s - a +0 plate armour (worn)
Jewellery
 e - a ring of resist corrosion (right hand)
 v - an amulet of the acrobat (around neck)
 w - a ring of see invisible (left hand)
Wands
 i - a wand of enslavement (3)
 y - a wand of iceblast (5)
 A - a wand of flame (10)
 B - a wand of acid (11)
 C - a wand of clouds (3)
Scrolls
 b - 5 scrolls of remove curse
 d - a scroll of holy word
 h - 12 scrolls of teleportation
 m - 4 scrolls of magic mapping
 p - 2 scrolls of fear
 q - 3 scrolls of enchant armour
 r - a scroll of fog
Potions
 g - a potion of heal wounds
 j - a potion of invisibility
 k - 2 potions of haste
 l - a potion of resistance
 t - a potion of cancellation
 u - a potion of mutation {unknown}
 x - 2 potions of might {unknown}
 z - 3 potions of brilliance {unknown}
Comestibles
 c - 22 rations


   Skills:
 + Level 7.6 Fighting
 + Level 8.0 Axes
 * Level 8.5 Armour
 * Level 4.8 Dodging
 * Level 8.3 Invocations
 + Level 1.0 Evocations


You had 10 spell levels left.
You didn't know any spells.
Your spell library contained the following spells:

 Spells                   Type           Power        Failure   Level
 Freeze                   Ice            #...         100%        1
 Frozen Ramparts          Ice            #.....       100%        3
 Ozocubu's Armour         Chrm/Ice       #.......     100%        3
 Hailstorm                Conj/Ice       #.......     100%        4
 Summon Ice Beast         Ice/Summ       #.......     100%        4


Dungeon Overview and Level Annotations

Branches:
Dungeon (10/15)            Temple (0/1) D:6            Lair (1/6) D:9
    Orc (0/2) D:9

Altars:
Ashenzari
Dithmenos
Fedhas
Hepliaklqana
Nemelex Xobeh
Okawaru
Ru
Vehumet
Yredelemnul
Zin
The Shining One

Shops:
D:8 *

Annotations:
D:9 exclusions: oklob plant and oklob sapling


Innate Abilities, Weirdness & Mutations

You have hooves in place of feet.
Armour fits poorly on your strangely shaped body.
You cover ground very quickly.
You have extremely tough skin. (AC +3)


Message History

The basilisk gazes at you. You resist with some effort.
The cane toad stings you but does no damage.
The cane toad stings you.
* * * LOW HITPOINT WARNING * * *
The basilisk gazes at you. The cane toad barely misses you.
The cane toad stings you!
* * * LOW HITPOINT WARNING * * *
The basilisk gazes at you. You resist with some effort.
The cane toad stings you!
* * * LOW HITPOINT WARNING * * *
The cane toad stings you but does no damage.
The cane toad stings you but does no damage.
The basilisk bites you.
* * * LOW HITPOINT WARNING * * *
The cane toad stings you!
* * * LOW HITPOINT WARNING * * *
The cane toad stings you.
You die...

>.............# #........
...#..........###........
....#..........##........
...##############..#.....
.. #..........
##......... ##.........
#.......... #.@F.#.....
#.lF#####.# #.#...# ..
##.8.#.. .....## ..8....
#####... #...


You could see 2 cane toads and a basilisk.

Vanquished Creatures
  Erica (D:9)
  2 centaur zombies
  The ghost of DDDD the Skirmisher, a novice MiBe of Trog (D:5)
  Joseph (Lair:1)
  A hornet (D:10)
  A large abomination (Abyss:2)
  3 hippogriffs
  A spriggan (D:9)
  3 wyverns
  10 yaks (D:9)
  A basilisk (D:9)
  A warg (D:8)
  Edmund (D:4)
  A water moccasin (D:9)
  4 porcupines (D:9)
  4 orc warriors
  A sky beast (D:9)
  2 ice beasts
  5 phantoms
  A necrophage (D:10)
  8 centaurs
  A crocodile (D:9)
  6 ogres
  A big kobold (D:8)
  Blork the orc (D:4)
  5 bullfrogs
  A gnoll sergeant (D:10)
  2 scorpions
  3 killer bees (D:8)
  9 wights
  An electric eel (D:9)
  A howler monkey (D:4)
  2 bullfrog zombies
  4 hounds
  3 jellies
  3 orc priests
  2 centaur skeletons
  A gnoll shaman (D:4)
  3 iguanas
  6 orc wizards
  6 worker ants
  A killer bee zombie (D:5)
  A small abomination (Abyss:2)
  A hound zombie (D:5)
  4 worker ant zombies
  12 adders
  10 gnolls
  5 white imps
  6 ufetubi
  3 oozes
  An adder skeleton (D:4)
  2 worms (D:6)
  2 dart slugs (D:2)
  8 leopard geckos
  25 orcs
  5 bats
  5 giant cockroaches
  9 goblins
  8 hobgoblins
  6 jackals
  7 quokkas
  7 ball pythons
  7 frilled lizards
  11 kobolds
  A quokka skeleton (D:9)
  6 rats
267 creatures vanquished.

Vanquished Creatures (others)
  A skeletal warrior (D:10)
  2 hornets (D:9)
  A ball python (D:3)
  A bat (D:2)
  3 fungi (D:9)
  33 plants (D:9)
41 creatures vanquished.

Grand Total: 308 creatures vanquished

Notes
Turn   | Place    | Note
-------+----------+-------------------------------------------
     0 | Abyss:1  | Gargoyl the Centaur Abyssal Knight began the quest for the
                  | Orb.
     0 | Abyss:1  | Reached XP level 1. HP: 19/19 MP: 2/2
    51 | Abyss:2  | Found a corrupted altar of Lugonu.
   142 | Abyss:2  | Reached XP level 2. HP: 27/27 MP: 3/3
   146 | Abyss:2  | Noticed a large abomination
   153 | Abyss:2  | Killed a large abomination
   153 | Abyss:2  | Reached skill level 5 in Fighting
   153 | Abyss:2  | Reached skill level 1 in Evocations
   153 | Abyss:2  | Reached XP level 3. HP: 36/36 MP: 3/5
   153 | Abyss:2  | Reached XP level 4. HP: 42/42 MP: 3/6
   153 | Abyss:2  | Reached XP level 5. HP: 48/48 MP: 3/7
   157 | Abyss:2  | Noticed a worldbinder
   158 | Abyss:2  | Noticed a shadow
   161 | Abyss:2  | Noticed a shadow
   161 | Abyss:2  | Noticed a shadow
   166 | Abyss:2  | Noticed a worldbinder
   174 | Abyss:2  | Noticed a wraith
   182 | Abyss:2  | Noticed a wraith
   183 | Abyss:2  | Noticed a shadow
   184 | Abyss:2  | Noticed a necromancer
   187 | Abyss:2  | Noticed a rakshasa
   217 | Abyss:2  | Noticed a black draconian scorcher
   219 | D:1      | Escaped the Abyss
   310 | D:1      | Reached * piety under Lugonu
  1086 | D:2      | Found a shadowy altar of Dithmenos.
  1202 | D:2      | Reached XP level 6. HP: 42/56 MP: 8/8
  1629 | D:2      | Reached ** piety under Lugonu
  1678 | D:2      | Reached skill level 1 in Dodging
  1984 | D:3      | Found a glowing silver altar of Zin.
  2119 | D:3      | Found a radiant altar of Vehumet.
  2181 | D:3      | You fall into a shaft and drop 3 floors!
  2555 | D:6      | Found a staircase to the Ecumenical Temple.
  2679 | D:5      | Entered Level 5 of the Dungeon
  2796 | D:4      | Noticed Blork the orc
  2807 | D:4      | Killed Blork the orc
  3018 | D:4      | Reached XP level 7. HP: 47/61 MP: 9/9
  3131 | D:4      | Found an iron altar of Okawaru.
  3131 | D:4      | Found a basalt altar of Yredelemnul.
  3132 | D:4      | Found a sacrificial altar of Ru.
  3585 | D:4      | Found a sparkling altar of Nemelex Xobeh.
  3730 | D:4      | Found a glowing golden altar of the Shining One.
  3988 | D:5      | Noticed Edmund
  4231 | D:4      | Killed Edmund
  4509 | D:5      | Reached XP level 8. HP: 67/70 MP: 11/11
  4527 | D:5      | Found a transporter.
  4554 | D:5      | Found a transporter.
  4554 | D:5      | Noticed DDDD's ghost (novice MiBe)
  4582 | D:5      | Found a hazy altar of Hepliaklqana.
  5447 | D:5      | Killed DDDD's ghost
  6126 | D:7      | Reached skill level 5 in Armour
  6227 | D:7      | Reached *** piety under Lugonu
  6621 | D:7      | Reached skill level 5 in Invocations
  6907 | D:7      | Reached XP level 9. HP: 74/75 MP: 12/12
  7283 | D:7      | Reached skill level 5 in Axes
  7931 | D:8      | Found Deug's General Store.
  7943 | D:8      | Bought a potion of heal wounds for 75 gold pieces
  7943 | D:8      | Bought a scroll of enchant weapon for 112 gold pieces
  8512 | D:8      | Found a shattered altar of Ashenzari.
  9167 | D:8      | Reached **** piety under Lugonu
 10046 | D:8      | Reached XP level 10. HP: 12/84 MP: 14/14
 10759 | D:9      | Found a staircase to the Orcish Mines.
 12330 | D:9      | Found a staircase to the Lair.
 12446 | D:9      | Noticed Erica
 12491 | D:9      | Reached ***** piety under Lugonu
 12508 | D:9      | Killed Erica
 12508 | D:9      | Reached XP level 11. HP: 39/92 MP: 16/16
 13400 | D:9      | Found a blossoming altar of Fedhas.
 13423 | D:9      | Noticed an oklob plant
 13472 | D:9      | Paralysed by a hornet for 2 turns
 13856 | D:10     | Entered Level 10 of the Dungeon
 14122 | D:10     | Paralysed by a hornet for 2 turns
 14122 | D:10     | HP: 4/92 [hornet (9)]
 15236 | D:10     | Noticed a skeletal warrior
 15321 | D:10     | Banished a skeletal warrior
 15897 | Lair:1   | Entered Level 1 of the Lair of Beasts
 15897 | Lair:1   | Noticed Joseph
 16087 | Lair:1   | Killed Joseph
 16430 | Lair:1   | HP: 1/93 [cane toad (4)]
 16431 | Lair:1   | Slain by a cane toad

Illustrated notes

Levels and vault maps discovered:
D:1:      psy_arrival_fountain, layout_rooms
D:2:      layout_basic, grunt_dithmenos_smoke_and_mirrors
D:3:      layout_rooms, lemuel_doored_altar, fiery_altar_vehumet,
          lemuel_blue_sif_altar
D:4:      layout_loops_cross, nicolae_overflow_crystal_walls,
          nicolae_overflow_quartered_altars, first_ration, uniq_blork_the_orc
D:5:      layout_cave_pools, overflow_temple_1_default, gammafunk_ghost_smash,
          minivault_27, uniq_edmund
D:6:      layout_loops_ring, minmay_temple_entry_trees,
          cheibrodos_sewer_entry_sluice
D:7:      layout_basic
D:8:      cheibrodos_quashed, layout_loops_corners, evilmike_ruin_ashenzari,
          serial_shops, shop
D:9:      layout_roguey, minmay_lair_entry_grove, david_orc_3, the_bakery,
          serial_bayou_lagoon_a, introduction_to_nature_2, uniq_erica
D:10:     layout_loops_corners, minmay_microvault
Lair:1:   minmay_lair_venomous_thicket, layout_gridlike,
          nicolae_lair_grove_arrangements, hangedman_lair_unloving_vines,
          grunt_megastairs_5, uniq_nergalle, uniq_joseph

Skill      XL: |  1  2  3  4  5  6  7  8  9 10 11 |
---------------+----------------------------------+-----
Fighting       | 5 6 7 |  7.6
Axes           | 2 3 4 6 7 8 |  8.0
Armour         | 2 3 5 6 8 |  8.5
Evocations     | 1 |  1.0
Invocations    | 3 4 5 6 7 8 |  8.3
Dodging        | 1 2 3 4 |  4.8

Action                   |  1- 3 |  4- 6 |  7- 9 | 10-12 || total
-------------------------+-------+-------+-------+-------++-------
Melee: Hand axe          |       |   189 |   448 |   415 ||  1052
       Kick              |       |    39 |    94 |   121 ||   254
Throw: Boomerang         |       |       |       |     5 ||     5
Invok: Depart the Abyss  |       |     1 |       |       ||     1
       Banish            |       |       |       |    12 ||    12
Evoke: Wand              |     9 |     2 |     1 |       ||    12
  Use: Scroll            |     1 |    11 |     7 |    10 ||    29
       Potion            |       |     3 |     7 |     7 ||    17
 Stab: Invisible         |       |       |       |     6 ||     6
  Eat: Ration            |       |     2 |     5 |     5 ||    12
Armor: Ring mail         |       |    96 |       |       ||    96
       Plate armour      |       |    37 |   394 |   301 ||   732
Dodge: Dodged            |       |    91 |    67 |   115 ||   273

Table legend:
 A = Non-vault XP
 B = Vault XP
 C = Vault XP percentage of total XP
 D = Non-vault monster count
 E = Vault monster count
 F = Vault count percentage of total count
                 A         B        C        D         E       F
            +---------+---------+-------+---------+---------+-------
      Total |    9660 |    6434 |  40.0 |     224 |      46 |  17.0
            +---------+---------+-------+---------+---------+-------
        D:1 |      41 |       0 |   0.0 |      24 |       0 |   0.0
        D:2 |      83 |       0 |   0.0 |      20 |       0 |   0.0
        D:3 |      28 |       0 |   0.0 |      14 |       0 |   0.0
        D:4 |     414 |     245 |  37.2 |      19 |       2 |   9.5
        D:5 |     299 |     698 |  70.0 |      12 |       3 |  20.0
        D:6 |      33 |      12 |  26.7 |       1 |       3 |  75.0
        D:7 |     958 |       0 |   0.0 |      24 |       0 |   0.0
        D:8 |    2184 |     328 |  13.1 |      35 |       7 |  16.7
        D:9 |    3006 |    3930 |  56.7 |      38 |      29 |  43.3
       D:10 |    1785 |     771 |  30.2 |      30 |       1 |   3.2
     Lair:1 |     534 |     450 |  45.7 |       3 |       1 |  25.0
    Abyss:2 |     295 |       0 |   0.0 |       4 |       0 |   0.0
            +---------+---------+-------+---------+---------+-------
